 Dungeon Crawl Stone Soup version 0.18.1-1-g2f07953 (webtiles) character file.

17885 MTVSty1e the Blocker (level 12, -10/90 HPs)
             Began as a Formicid Fighter on May 7, 2016.
             Was an Elder of Trog.
             Splashed by a tengu reaver's acid (16 damage)
             ... on level 12 of the Dungeon.
             The game lasted 00:42:58 (9325 turns).

MTVSty1e the Blocker (Formicid Fighter)             Turns: 9325, Time: 00:42:58

Health: -10/90     AC: 20    Str: 28    XL:     12   Next: 88%
Magic:  15/15      EV: 14    Int:  8    God:    Trog [****..]
Gold:   390        SH: 13    Dex: 10    Spells: 0 memorised, 11 levels left

rFire  + . .     SeeInvis +     Y - +7 scythe "Kelomm" {flame, Str+2}
rCold  + . .     Gourm    .     N - +2 chain mail {rF+}
rNeg   . . .     Faith    .     c - +0 shield
rPois  .         Spirit   .     (helmet unavailable)
rElec  +         Dismiss  .     s - +2 cloak
rCorr  .         Reflect  .     (no gloves)
SustAt .         Harm     +     w - +0 pair of boots
MR     ++++.                    K - amulet "Tocviext" {Harm *Drain rElec}
Stlth  ..........               l - +6 ring of protection
                                m - +3 ring of evasion

@: lethally poisoned (-10 -> -10), corroded, regenerating, incredibly resistant
to hostile enchantments, extremely unstealthy
A: permanent stasis, dig shafts and tunnels, four strong arms, antennae 3,
molten scales 1, cold resistance 1, frail 1, magic resistance 1
a: Dig, Shaft Self, Trog's Hand, Brothers in Arms, Burn Spellbooks, Renounce
Religion


You were on level 12 of the Dungeon.
You worshipped Trog.
Trog was greatly pleased with you.
You were hungry.

You visited 2 branches of the dungeon, and saw 12 of its levels.
You also visited: Ossuary.

You collected 885 gold pieces.
You spent 495 gold pieces at shops.

Inventory:

Hand Weapons
 a - a +1 war axe
 h - a +4 scimitar of flaming
 p - a +4 quarterstaff of chaos
 q - a cursed +3 battleaxe
 S - a +2 halberd
 Y - the +7 scythe "Kelomm" (weapon) {flame, Str+2}
   (You found it on level 12 of the Dungeon)

   It has been specially enchanted to burn those struck by it, causing extra
   injury to most foes and up to half again as much damage against particularly
   susceptible opponents.
   Big, fiery blades are also staple armaments of hydra-hunters.
   It affects your strength (+2).
Armour
 b - a +0 scale mail
 c - a +0 shield (worn)
 r - a +1 cloak
 s - a +2 cloak (worn)
 w - a +0 pair of boots (worn)
 N - a +2 chain mail of fire resistance (worn)
Jewellery
 e - an uncursed ring of protection from fire
 l - a +6 ring of protection (right hand)
 m - a +3 ring of evasion (left hand)
 o - an uncursed ring of fire
 K - the amulet "Tocviext" (around neck) {Harm *Drain rElec}
   (You found it on level 5 of the Dungeon)

   [amulet of harm]

   It increases damage dealt and taken.
   It insulates you from electricity.
 L - an uncursed ring of protection from cold
Wands
 d - a wand of disintegration (1/24)
 v - a wand of random effects (23/48)
 A - a wand of lightning (8/15)
 D - a wand of iceblast (10/15)
 J - a wand of acid (8/15)
 O - a wand of flame (13/48)
 Q - a wand of disintegration (14/24)
 T - a wand of enslavement (8/24)
 U - a wand of polymorph (12/24)
 W - a wand of flame (15/48)
Scrolls
 i - 3 scrolls of remove curse
 t - 2 scrolls of magic mapping
 u - 2 scrolls of recharging
 y - a scroll of enchant weapon
 B - 2 scrolls of fear
 M - a scroll of identify
 X - 2 scrolls of enchant armour
Potions
 j - 8 potions of curing
 k - 2 potions of ambrosia {unknown}
 n - 3 potions of lignification
 z - 3 potions of brilliance
 C - 2 potions of agility {unknown}
 E - a potion of invisibility {unknown}
 F - a potion of mutation
 G - 2 potions of cure mutation {unknown}
 P - a potion of haste {unknown}
 V - a potion of berserk rage {unknown}
Miscellaneous
 I - a plain deck of changes
Comestibles
 f - 3 bread rations
 g - 5 meat rations
 x - 21 fruits
 R - 2 beef jerkies
 Z - 6 slices of pizza


   Skills:
 * Level 11.2 Fighting
 * Level 4.3 Axes
 + Level 0.8(6.2) Polearms
 - Level 8.7(8.8) Staves
 * Level 8.7 Armour
 * Level 7.0 Dodging
 + Level 11.5 Shields
 - Level 5.1 Evocations


You had 11 spell levels left.
You didn't know any spells.

Dungeon Overview and Level Annotations

Branches:
Dungeon (12/15)            Temple (1/1) D:7            Lair (0/8) D:9
    Orc: D:9-12

Altars:
Ashenzari
Cheibriados
Dithmenos
Elyvilon
Fedhas
Gozag
Kikubaaqudgha
Makhleb
Nemelex Xobeh
Okawaru
Pakellas
Qazlal
Ru
Sif Muna
Trog
Vehumet
Xom
Yredelemnul
Zin
The Shining One

Shops:
D:8 }   D:11 !


Innate Abilities, Weirdness & Mutations

You are under a permanent stasis effect.
You can dig through walls and to a lower floor.
Your four strong arms can wield two-handed weapons with a shield.
You have a pair of large antennae on your head (SInv).
You are partially covered in molten scales (AC +1).
Your flesh is cold resistant.
You are frail (-10% HP).
You are resistant to hostile enchantments.


Message History

The tengu reaver misses you.
The tengu reaver claws you but does no damage.
You miss the tengu reaver.
You feel sick.
The tengu reaver hits you with a great mace of crushing.
The tengu reaver pecks you but does no damage.
The tengu reaver claws you but does no damage.
You closely miss the tengu reaver.
You feel sick.
The tengu reaver hits you with a great mace of crushing.
The tengu reaver pecks you but does no damage.
The tengu reaver claws you.
You hit the tengu reaver. You burn the tengu reaver.
The tengu reaver is lightly wounded.
You feel sick. You block the tengu reaver's attack.
The tengu reaver pecks you but does no damage.
The tengu reaver claws you but does no damage.
The tengu reaver casts a spell at you. The bolt of acid hits you!
* * * LOW HITPOINT WARNING * * *
The acid burns!
You die...

###############.## #...
{ {#.#.^####.##
{#.#......##. {
{#...##.#### #...#..#.#.
######## ######..#.#.8.#
#....#*###..).#..#..#.#.
#.....#Q#.....#..##..#.#
#...C.#@#.....#.....# #.
#....###.#...(#..#.. #.#
...{..{ ###..#(#..#. #.#
...){!. #.#.(#....#.8
...!>?. ###..#.....# #
...[|$. #..### #.# ##
##..... #..#.# #.##.
#.#..#.. #.## ###..#..#
#..


You could see a tengu reaver and a battlesphere.

Vanquished Creatures
  A sphinx (D:12)
  An ettin (D:12)
  A hydra (D:11)
  A centaur warrior (D:12)
  Erica (D:8)
  An unseen horror (D:11)
  A hill giant (D:11)
  An ugly thing (D:11)
  An orc knight (D:11)
  An orc sorcerer (D:11)
  The ghost of no0bjke the Skirmisher, a novice GrBe of Trog (D:5)
  Joseph (D:8)
  A gargoyle (D:11)
  3 centaur skeletons
  A two-headed ogre (D:8)
  2 trolls (D:11)
  A shadow (D:11)
  A vampire (D:12)
  13 yaks
  Grum (D:8)
  2 wyverns
  A wraith (D:11)
  A hippogriff (D:11)
  A giant eyeball (shapeshifter) (D:12)
  5 orc warriors
  A sky beast (D:11)
  A wasp (D:8)
  3 ice beasts
  An eye of draining (D:10)
  A phantom (D:6)
  2 black bears
  4 necrophages
  6 ogres
  A wolf (D:8)
  4 big kobolds (D:11)
  A centaur (D:12)
  Blork the orc (D:5)
  7 giant frogs
  A water moccasin zombie (D:7)
  2 scorpions
  10 killer bees
  15 wights
  2 electric eels (D:9)
  A howler monkey (D:8)
  4 crimson imps
  3 centaur zombies
  A quasit (D:6)
  A giant frog zombie (D:8)
  Crazy Yiuf (D:2)
  5 hounds
  3 iron imps (D:7)
  4 orc priests
  9 orc wizards
  Ijyb (D:2)
  Jessica (D:2)
  A giant frog skeleton (D:10)
  3 iguanas
  6 worker ants
  2 sheep (D:11)
  A killer bee zombie (D:8)
  A big kobold zombie (Ossuary)
  8 mummies (Ossuary)
  2 worker ant zombies
  6 gnolls
  11 adders
  3 shadow imps
  2 adder zombies
  An adder skeleton (D:9)
  5 worms
  2 dart slugs (D:1)
  5 giant geckos
  32 orcs
  A ball python (D:3)
  6 bats
  7 giant cockroaches
  3 gnoll zombies (Ossuary)
  10 hobgoblins
  6 jackals (D:5)
  5 quokkas
  A ball python skeleton (D:5)
  A giant gecko zombie (D:6)
  4 giant newts
  12 goblins
  A hobgoblin zombie (Ossuary)
  13 kobolds
  2 kobold zombies (Ossuary)
  An orc zombie (Ossuary)
  5 rats
  A bush (D:7)
  3 plants
315 creatures vanquished.

Vanquished Creatures (collateral kills)
  A wolf (D:8)
  A wight (D:8)
2 creatures vanquished.

Vanquished Creatures (others)
  An ice beast (D:11)
  A plant (D:7)
2 creatures vanquished.

Grand Total: 319 creatures vanquished

Notes
Turn   | Place    | Note
--------------------------------------------------------------
     0 | D:1      | MTVSty1e the Formicid Fighter began the quest for the Orb.
     0 | D:1      | Reached XP level 1. HP: 18/18 MP: 1/1
   106 | D:1      | Reached XP level 2. HP: 23/24 MP: 2/2
   582 | D:1      | Reached XP level 3. HP: 29/29 MP: 3/3
   766 | D:2      | Noticed Ijyb
   779 | D:2      | Killed Ijyb
   779 | D:2      | Reached skill level 1 in Dodging
   779 | D:2      | Reached XP level 4. HP: 37/37 MP: 4/4
   872 | D:2      | Noticed Jessica
   877 | D:2      | Killed Jessica
   892 | D:2      | Found a white marble altar of Elyvilon.
   994 | D:2      | Reached XP level 5. HP: 42/42 MP: 5/5
  1521 | D:2      | Noticed Crazy Yiuf
  1530 | D:2      | Killed Crazy Yiuf
  2035 | D:3      | You fall through a shaft for 3 floors!
  2044 | D:6      | Reached XP level 6. HP: 48/48 MP: 6/6
  2163 | D:6      | Noticed a phantom
  2220 | D:6      | Killed a phantom
  2220 | D:6      | Reached skill level 5 in Shields
  2233 | D:6      | Found a sand-covered staircase.
  2246 | Ossuary  | Entered an ossuary
  2263 | Ossuary  | Reached skill level 1 in Staves
  2273 | Ossuary  | Reached XP level 7. HP: 37/55 MP: 7/7
  2573 | D:6      | Found a sparkling altar of Nemelex Xobeh.
  2876 | D:5      | Entered Level 5 of the Dungeon
  2889 | D:5      | Got a transparent graven amulet
  2897 | D:5      | Identified the amulet "Tocviext" {Harm *Drain rElec} (You found it on level 5 of the Dungeon)
  3070 | D:5      | Noticed Blork the orc
  3088 | D:5      | Killed Blork the orc
  3088 | D:5      | Reached skill level 5 in Fighting
  3248 | D:5      | Reached XP level 8. HP: 62/62 MP: 8/8
  3249 | D:5      | Found a glowing silver altar of Zin.
  3336 | D:5      | Noticed no0bjke's ghost (novice GrBe)
  3349 | D:5      | Killed no0bjke's ghost
  3349 | D:5      | Reached skill level 5 in Armour
  3445 | D:5      | Found an oddly glowing altar of Pakellas.
  3822 | D:7      | Found a staircase to the Ecumenical Temple.
  3880 | Temple   | Entered the Ecumenical Temple
  4126 | Temple   | Became a worshipper of Trog the Wrathful
  4218 | D:7      | Found a burning altar of Makhleb.
  4424 | D:7      | Reached XP level 9. HP: 69/69 MP: 9/9
  4477 | D:7      | Found a blossoming altar of Fedhas.
  4525 | D:7      | Reached skill level 5 in Staves
  4838 | D:8      | Reached skill level 1 in Evocations
  4907 | D:8      | Reached * piety under Trog
  5125 | D:8      | Found Sabipt's Gadget Emporium.
  5126 | D:8      | Noticed Grum
  5145 | D:8      | Killed Grum
  5145 | D:8      | Reached XP level 10. HP: 40/75 MP: 10/12
  5318 | D:8      | Noticed Erica
  5339 | D:8      | Killed Erica
  5339 | D:8      | Reached skill level 5 in Dodging
  5536 | D:8      | Noticed Joseph
  5548 | D:8      | Killed Joseph
  5560 | D:8      | Reached ** piety under Trog
  5634 | D:8      | Found a sacrificial altar of Ru.
  6003 | D:9      | Found a staircase to the Lair.
  6377 | D:9      | Reached XP level 11. HP: 68/84 MP: 14/14
  6429 | D:9      | Found an ancient bone altar of Kikubaaqudgha.
  6514 | D:9      | Reached skill level 5 in Evocations
  6699 | D:9      | Gained mutation: You are frail (-10% HP). [potion of mutation]
  6699 | D:9      | Gained mutation: You are resistant to hostile enchantments. [potion of mutation]
  6699 | D:9      | Gained mutation: Your flesh is cold resistant. [potion of mutation]
  6708 | D:9      | Found an oddly glowing altar of Pakellas.
  6919 | D:10     | Entered Level 10 of the Dungeon
  7006 | D:10     | Reached *** piety under Trog
  7641 | D:11     | Found Nezadgh's Distillery.
  7664 | D:11     | Bought a potion of beneficial mutation for 385 gold pieces
  7664 | D:11     | Bought a potion of heal wounds for 55 gold pieces
  7664 | D:11     | Bought a potion of heal wounds for 55 gold pieces
  7664 | D:11     | Gained mutation: You are partially covered in molten scales (AC +1). [potion of beneficial mutation]
  7691 | D:11     | Reached skill level 10 in Shields
  7712 | D:11     | Noticed a two-headed hydra
  7720 | D:11     | Killed a two-headed hydra
  7983 | D:11     | Noticed an orc knight
  7983 | D:11     | Noticed an orc sorcerer
  8004 | D:11     | Killed an orc knight
  8023 | D:11     | Killed an orc sorcerer
  8023 | D:11     | Reached skill level 10 in Fighting
  8275 | D:11     | Reached **** piety under Trog
  8333 | D:11     | Reached XP level 12. HP: 87/87 MP: 15/15
  8860 | D:11     | Noticed an unseen horror
  8869 | D:11     | Killed an unseen horror
  9239 | D:12     | Got a dazzling scythe
  9240 | D:12     | Identified the +7 scythe "Kelomm" {flame, Str+2} (You found it on level 12 of the Dungeon)
  9245 | D:12     | Noticed a centaur warrior
  9254 | D:12     | Killed a centaur warrior
  9288 | D:12     | Noticed a sphinx
  9301 | D:12     | Killed a sphinx
  9305 | D:12     | Noticed an ettin
  9315 | D:12     | Killed an ettin
  9316 | D:12     | Noticed a tengu reaver
  9325 | D:12     | Splashed by a tengu reaver's acid

Skill      XL: |  1  2  3  4  5  6  7  8  9 10 11 12 |
---------------+-------------------------------------+-----
Shields        | 4 5 7 9 10 11 | 11.5
Dodging        | 1 2 3 4 5 6 7 |  7.0
Axes           | 3 4 |  4.3
Fighting       | 4 5 6 8 10 11 | 11.2
Armour         | 4 5 6 7 8 |  8.7
Staves         | 1 3 4 5 6 8 |  8.7
Evocations     | 2 4 5 |  5.1
Polearms       | |  0.8

Action                   |  1- 3 |  4- 6 |  7- 9 | 10-12 || total
-------------------------+-------+-------+-------+-------++-------
Melee: War axe           |    76 |   108 |       |       ||   184
       Quarterstaff      |       |    77 |   309 |   551 ||   937
       Scythe            |       |       |       |    28 ||    28
Invok: Burn Spellbooks   |       |       |       |     2 ||     2
       Trog's Hand       |       |       |       |     5 ||     5
 Abil: Dig               |     2 |     2 |       |     1 ||     5
  Use: Scroll            |     4 |     5 |     2 |    11 ||    22
       Potion            |       |       |     1 |     9 ||    10
 Stab: Petrifying        |       |       |       |     2 ||     2
       Paralysed         |       |       |       |     3 ||     3
       Confused          |       |       |       |     2 ||     2
       Petrified         |       |       |       |     1 ||     1
  Eat: Bread ration      |       |     2 |     1 |     1 ||     4
       Meat ration       |       |       |     1 |     1 ||     2
       Beef jerky        |       |       |       |     1 ||     1
Armor: Scale mail        |    32 |    78 |    27 |       ||   137
       Chain mail        |       |       |    94 |   215 ||   309
Dodge: Dodged            |    21 |   100 |   133 |   241 ||   495
Block: Shield            |    45 |    89 |   144 |   371 ||   649
